cohdb
Replays
Latest Replays
All Replays
Popular Replays
Top Player Replays
Match Explorer
How It Works
Community
CoH3 Stats
Reddit
Sign in to upload your games and track your stats! →
Sign in with Steam
Match 42234578
Unlisted
Match 42234578
Overview
Messages
Build Orders
End
Construct Infanterie Kompanie
Selects Mechanized Battlegroup
Grenadier Squad
Grenadier Squad
Grenadier Squad
Infanterie Officer Quarters
GrW 34 Mortar Team
Selects Mobile Repair Stations
Construct Luftwaffe Kompanie
Jäger Squad
Flak 30 Anti-aircraft Gun Team
Medical Station
Selects Wespe Self-propelled Artillery
Wespe Self-propelled Artillery
Selects Raid Package
MG 42 Machine Gun Team
Jäger Squad
Selects StuG Assault Group
Selects UNKNOWN (2160084)
勇者无垠
Bootyquake
0
0
Comments
sign in to comment!
No comments posted yet!